AoeStats
← ANKR.Tank20089

Arabian Desert

510237584Analyzed
1v1 RM · 23h ago on Sep 30, 2026· 56m 57s· 2 players
Game mode
Random Map
Map size
Tiny (2 player)
Population
200
Speed
Normal
Resources
Standard
Victory
Conquest
Starting age
Dark Age
Ending age
Imperial Age
RankedLock teamsTeams togetherTeam positionsShared explorationLock speedFull tech treeHidden civsTurbo modeCheats
Victory
Defeat
🇹🇼 Aztecs · Taiwan
2180
+12
🇨🇳 Vietnamese · China
2092
-12
_FJ_马爆哥
6:58 Loom
9:08 Feudal Age
9:51 Double-Bit Axe
16:10 Fletching
22:25 Castle Age
20:55 Padded Archer Armor
20:47 Gold Mining
22:29 Crossbowman
23:11 Bodkin Arrow
46:49 Ballistics
46:46 Bow Saw
48:30 Leather Archer Armor
58:13 Imperial Age
ANKR.Tank20089
5:59 Loom
8:38 Feudal Age
10:40 Double-Bit Axe
17:43 Fletching
21:29 Castle Age
20:14 Scale Mail Armor
21:30 Crossbowman
22:38 Eagle Warrior
23:37 Town Watch
25:16 Arson
32:22 Bodkin Arrow
35:54 Ballistics
37:02 Padded Archer Armor
41:08 Bow Saw
43:57 Elite Skirmisher
46:33 Wheelbarrow
49:30 Imperial Age
49:25 Fervor
50:53 Bracer
52:00 Chemistry
52:01 Leather Archer Armor
51:42 Stone Mining
54:19 Atlatl
55:47 Horse Collar
Connection lost

Rejoining the realm…

Still unreachable

The connection could not be restored.

Session expired

The server has moved on; the page needs a fresh start.